 Dungeon Crawl Stone Soup version 0.19-a0-687-g35db334 (webtiles) character file.

63 Implojin the Ruffian (level 3, -3/36 HPs)
             Began as a Troll Fighter on June 18, 2016.
             Killed from afar by an orc wizard (5 damage)
             ... with a magic dart
             ... on level 4 of the Dungeon.
             The game lasted 00:02:52 (349 turns).

Implojin the Ruffian (Troll Fighter)                 Turns: 349, Time: 00:02:53

Health: -3/36      AC:  5    Str: 29    XL:     3   Next: 87%
Magic:  2/2        EV:  8    Int:  4    God:
Gold:   10         SH:  9    Dex:  7    Spells: 0 memorised, 2 levels left

rFire  . . .     SeeInvis .       - Unarmed
rCold  . . .     Gourm    +     a - +0 robe
rNeg   . . .     Faith    .     b - +0 shield
rPois  .         Spirit   .     (helmet restricted)
rElec  .         Dismiss  .     (no cloak)
rCorr  .         Reflect  .     (gloves unavailable)
SustAt .         Harm     .     (boots unavailable)
MR     .....                    (no amulet)
Stlth  +.........               (no ring)
                                f - -3 ring of dexterity (curse)

@: mighty, not resistant to hostile enchantments, very unstealthy
A: unfitting armour, claws 3, fast metabolism 3, gourmand, regeneration 2,
shaggy fur 1, tough skin 2
a: no special abilities


You were on level 4 of the Dungeon.
You were not hungry.

You visited 1 branch of the dungeon, and saw 4 of its levels.

You collected 10 gold pieces.

Inventory:

Armour
 a - a +0 robe (worn)
 b - a +0 shield (worn)
Jewellery
 f - a cursed -3 ring of dexterity (left claw)
Scrolls
 e - a scroll of remove curse {unknown}
 g - a scroll of amnesia
Potions
 h - a potion of agility {unknown}
Comestibles
 d - 2 bread rations


   Skills:
 - Level 2.4 Fighting
 - Level 2.4 Dodging
 - Level 2.4 Shields
 * Level 4.2 Unarmed Combat


You had 2 spell levels left.
You didn't know any spells.

Dungeon Overview and Level Annotations

Branches:
Dungeon (4/15)
 Temple: D:4-7

Altars:


Innate Abilities, Weirdness & Mutations

You are too large for most types of armour.
You have claws for hands.
Your metabolism is lightning-fast.
You like to eat raw meat.
You heal very quickly.
You are covered in fur. (AC +1)
You have very tough skin. (AC +2)


Message History

You feel sick.
You claw the orc wizard!
The orc wizard is almost dead.
You closely miss the orc wizard.
The orc wizard is almost dead.
The orc wizard points at you and mumbles some strange words.
You block the puff of flame. The orc hits you with a flail!
* * * LOW HITPOINT WARNING * * *
You closely miss the orc wizard.
The orc wizard is almost dead.
The orc wizard casts a spell at you. You block the puff of frost.
You closely miss the orc wizard.
The orc wizard is almost dead.
You feel sick.
You are no longer poisoned.
The orc hits you with a flail.
* * * LOW HITPOINT WARNING * * *
The orc wizard hits you with a dagger of speed.
* * * LOW HITPOINT WARNING * * *
The orc wizard casts a spell.
The orc wizard seems to speed up.
The orc wizard gestures wildly while chanting.
The orc wizard flickers and vanishes!
Deactivating autopickup; reactivate with Ctrl-A.
Your shield prevents you from hitting the orc.
The orc hits you with a flail!
* * * LOW HITPOINT WARNING * * *
The phantom blinks!
The phantom blinks!
You see here a helmet.
Something hits you but does no damage.
You see here a hound corpse.
You hear some strange, mumbled words.
A puff of flame appears from out of thin air!
The puff of flame hits you!
* * * LOW HITPOINT WARNING * * *
A magic dart appears from out of thin air!
The magic dart hits you!
You die...

#..........####
#.....o....#
#..o.......#
#..Wo....).#
###[########
#o# #.# #.# #@#
######.#
#......#
#.###### #.#
#.# #.# ### #.#
#<# #.#


You could see a phantom and 3 orcs.

Vanquished Creatures
  A hound (D:4)
  A worker ant zombie (D:3)
  An adder (D:4)
  An adder skeleton (D:3)
  3 goblins
  A giant gecko skeleton (D:3)
  5 kobolds
  A rat (D:2)
14 creatures vanquished.

Notes
Turn   | Place    | Note
--------------------------------------------------------------
     0 | D:1      | Implojin the Troll Fighter began the quest for the Orb.
     0 | D:1      | Reached XP level 1. HP: 22/22 MP: 0/0
   199 | D:3      | Reached skill level 3 in Unarmed Combat
   199 | D:3      | Reached XP level 2. HP: 29/29 MP: 1/1
   281 | D:4      | Noticed a phantom
   299 | D:4      | Reached skill level 4 in Unarmed Combat
   299 | D:4      | Reached XP level 3. HP: 26/36 MP: 2/2
   347 | D:4      | HP: 1/36 [something/puff of flame (3)]
   349 | D:4      | Killed from afar by an orc wizard

Vault maps used:
D:1:      dpeg_arrival_round_a
D:2:      marbit_many_paths, overflow_temple_1_default, bh_walls_and_bars
D:3:      serial_undead, serial_undead_e, serial_undead_c, serial_undead_f,
          serial_undead_d, serial_undead_a, serial_undead_c, serial_undead_a,
          first_bread, okawaru_altar_gauntlet_db
D:4:      temple_doors_b, uniq_edmund

Skill      XL: |  1  2 |
---------------+-------+-----
Unarmed Combat | 3 4 |  4.2
Fighting       | |  2.4
Dodging        | |  2.4
Shields        | |  2.4

Action                   || total
-------------------------++-------
Melee: Unarmed           ||    68
  Use: Scroll            ||     1
       Potion            ||     1
  Eat: Chunk             ||     2
Armor: Robe              ||    21
Dodge: Dodged            ||    25
Block: Shield            ||    30

Table legend:
 A = Turns spent in this place as a percentage of turns spent in the entire game.
 B = Non-inter-level travel turns spent in this place as a percentage of non-inter-level travel turns spent in the entire game.
 C = Inter-level travel turns spent in this place as a percentage of turns spent in this place.
 D = Turns resting spent in this place as a percentage of non-inter-level travel turns spent in this place.
 E = Turns spent auto-exploring this place as a percentage of non-inter-level travel turns spent in this place.
 F = Non-inter-level travel turns spent in this place divided by the number of levels of this place that you've seen.
                   A       B       C       D       E      F
               +-------+-------+-------+-------+-------+----------------------
         Total | 100.0 | 100.0 |   0.0 |   0.0 |   0.0 |  86.0
       Dungeon | 100.0 | 100.0 |   0.0 |   0.0 |   0.0 |  86.0
               +-------+-------+-------+-------+-------+----------------------

Table legend:
 A = Kills in this place as a percentage of kills in entire the game.
 B = Kills by you in this place as a percentage of kills by you in the entire game.
 C = Kills by friends in this place as a percentage of kills by friends in the entire game.
 D = Other kills in this place as a percentage of other kills in the entire game.
 E = Experience gained in this place as a percentage of experience gained in the entire game.
 F = Experience gained in this place divided by the number of levels of this place that you have seen.
                   A       B       C       D       E      F
               +-------+-------+-------+-------+-------+----------------------
         Total | 100.0 | 100.0 |  -nan |  -nan | 100.0 |  22.5
       Dungeon | 100.0 | 100.0 |  -nan |  -nan | 100.0 |  22.5
               +-------+-------+-------+-------+-------+----------------------
